 Dungeon Crawl Stone Soup version 0.28-a0-1567-g1695149f81 (webtiles) character file.

Game seed: 18351367274378085023

56 croobank the Insei (level 3, 0/24 HPs)
             Began as an Octopode Transmuter on Jan 19, 2022.
             Slain by an adder (3 damage)
             ... on level 2 of the Dungeon.
             The game lasted 00:04:58 (1344 turns).

croobank the Insei (Octopode Transmuter)            Turns: 1344, Time: 00:04:58

Health: 0/24       AC:  1    Str: 11    XL:     3   Next: 97%
Magic:  5/6        EV: 13    Int: 15    God:
Gold:   66         SH:  0    Dex: 12    Spells: 3/6 levels left

rFire   . . .      SeeInvis .   c - +2 dagger (venom)
rCold   . . .      Faith    .   (no shield)
rNeg    . . .      Spirit   .   (helmet restricted)
rPois   .          Reflect  .   (no amulet)
rElec   .          Harm     .   (no ring)
rCorr   .          Rampage  .   (no ring)
Will    .....                   (no ring)
Stlth   +++.......              (no ring)
HPRegen 0.08/turn               (no ring)
MPRegen 0.10/turn               (no ring)
                                (no ring)
                                (no ring)

@: wereblooded (expiring)
A: almost no armour, amphibious, 8 rings, camouflage 1, gelatinous body 1,
nimble swimmer 1, tentacles
a: no special abilities


You were on level 2 of the Dungeon.
You visited 1 branch of the dungeon, and saw 2 of its levels.

You collected 66 gold pieces.

Inventory:

Hand Weapons
 c - a +2 dagger of venom (weapon)
Missiles
 a - 20 arrows
 b - 43 stones
Scrolls
 d - a scroll of identify {unknown}
 e - a scroll of enchant weapon {unknown}
Potions
 f - a potion of magic {unknown}


   Skills:
 + Level 1.7 Fighting
 + Level 1.1 Short Blades
 + Level 2.5 Dodging
 - Level 3.0 Unarmed Combat
 + Level 2.4 Spellcasting
 + Level 2.5 Transmutations


You had 3 spell levels left.
You knew the following spells:

 Your Spells              Type           Power      Damage    Failure   Level
a - Beastly Appendage     Tmut           18%        N/A       8%          1
b - Wereblood             Tmut           9%         N/A       12%         2

Your spell library contained the following spells:

 Spells                   Type           Power      Damage    Failure   Level
 Spider Form              Tmut/Pois      5%         N/A       36%         3
 Ice Form                 Ice/Tmut       5%         N/A       77%         4


Dungeon Overview and Level Annotations

Branches:
Dungeon (2/15)

Altars:

Shops:
D:1 *


Innate Abilities, Weirdness & Mutations

You cannot wear most types of armour.
You are amphibious.
You can wear up to eight rings at the same time.
Your skin changes colour to match your surroundings (Stealth+).
Your rubbery body absorbs attacks. (AC +1, EV +1)
You are camouflaged when in or above water. (Stealth+)
You have tentacles for arms and can constrict up to eight enemies at once.


Message History

A kobold comes into view. It is wielding a +0 club.
A gnoll comes into view. It is wielding a +0 spear.
A gnoll comes into view. It is wielding a +0 flail.
The gnoll shouts! x2; You hear an angry hiss.
The hobgoblin misses you.
You hit the hobgoblin but do no damage.
The hobgoblin is poisoned.
You grab the hobgoblin. You squeeze the hobgoblin.
The hobgoblin is almost dead.
You constrict the hobgoblin, but do no damage.
You feel a bit better.
You kill the hobgoblin!
An adder comes into view.
You barely miss the kobold. You grab the kobold. You constrict the kobold.
The kobold hits you with a +0 club.
You hit the kobold.
You feel a bit better.
You kill the kobold!
The gnoll misses you.
The gnoll splashes around in the water.
You closely miss the gnoll. Your grab misses the gnoll.
You tentacle-slap the gnoll. You squeeze the gnoll!
The gnoll is severely wounded.
The gnoll hits you with a +0 flail!
The gnoll splashes around in the water.
The gnoll hits you from afar with a +0 spear.
You hit the gnoll.
The gnoll is poisoned.
You grab the gnoll. You squeeze the gnoll.
The gnoll is severely wounded.
You constrict the gnoll.
You feel a bit better.
You kill the gnoll!
You hear a splash.
The adder barely misses you. The gnoll hits you with a +0 flail.
The gnoll hits you from afar with a +0 spear.
* * * LOW HITPOINT WARNING * * *
The adder closely misses you.
You hit the gnoll.
The gnoll is poisoned.
Your grab misses the gnoll. Your squeeze misses the gnoll.
The gnoll is moderately wounded.
Your primal bloodlust is almost over.
The gnoll misses you. The gnoll barely misses you.
The adder closely misses you. The adder bites you.
You die...

..# #.# #. ###### #.# #
#.# ##≈≈≈≈## #.##
.#..###≈≈≈≈≈≈### #..#
......≈≈....... #..#
#...≈≈........ #..#
#..≈....≈≈.... ######..#
#..≈..≈)..≈... ..†.....##
##...@Sg...≈...
####.#...###.....g.)≈≈....
####..............≈≈⌠.....
.....#...#.##....≈....≈≈..
.###.##.##.##....≈..≈≈..≈.
........##.##.....≈≈....≈.
..##.##.....†.........≈≈..
.###.##.##.##........≈≈...
.# #.......##.###≈≈≈≈≈≈###


You could see 2 gnolls and an adder.

Vanquished Creatures
  A gnoll (D:2)
  An adder (D:2)
  A dart slug (D:1)
  An endoplasm (D:1)
  2 giant cockroaches (D:1)
  4 hobgoblins
  4 kobolds
  3 quokkas
  5 ball pythons
  7 bats (D:1)
  A goblin (D:1)
  5 rats
35 creatures vanquished.

Notes
Turn   | Place    | Note
-------+----------+-------------------------------------------
     0 | D:1      | croobank the Octopode Transmuter began the quest for the
                  | Orb.
     0 | D:1      | Reached XP level 1. HP: 13/13 MP: 3/3
   217 | D:1      | Reached XP level 2. HP: 16/18 MP: 3/5
   261 | D:1      | Learned a level 2 spell: Wereblood
   310 | D:1      | Found Mumienk's Assorted Antiques.
   769 | D:1      | Found a faded altar of an unknown god.
   793 | D:1      | Reached XP level 3. HP: 18/23 MP: 3/6
  1181 | D:2      | Reached skill level 1 in Short Blades
  1344 | D:2      | Slain by an adder

Illustrated notes

Levels and vault maps discovered:
D:1:      lightli_arrival_chessboard, layout_basic, serial_shops, shop,
          chequers_ecumenical_altar_grove
D:2:      cheibrodos_helix_gallery, layout_loops_cross, minmay_pentomino_pile

Skill      XL: |  1  2  3 |
---------------+----------+-----
Short Blades   | 1 |  1.1
Fighting       | |  1.7
Dodging        | |  2.5
Unarmed Combat | |  3.0
Spellcasting   | |  2.4
Transmutations | |  2.5

Action                   || total
-------------------------++-------
Melee: Unarmed           ||    10
       Constrict         ||    24
       Kick              ||    21
       Dagger            ||    45
       Tentacles         ||     5
       Punch             ||     4
 Cast: Beastly Appendage ||    20
       Wereblood         ||     1
 Stab: Sleeping          ||     3
Armor: Skin              ||     8
Dodge: Dodged            ||    43

Table legend: (Time is in decaauts)
 A = Elapsed time spent in this place.
 B = Non-inter-level travel time spent in this place.
 C = Inter-level travel time spent in this place.
 D = Time resting spent in this place.
 E = Time spent auto-exploring this place.
 F = Levels seen in this place.
 G = Mean time per level.
                   A        B        C        D        E       F      G
               +--------+--------+--------+--------+--------+-----+--------+
         Total |   1341 |   1311 |     30 |    176 |    839 |   2 |  670.5 |
       Dungeon |   1341 |   1311 |     30 |    176 |    839 |   2 |  670.5 |
               +--------+--------+--------+--------+--------+-----+--------+

Top non-repeatable levels by time:
     D:1: 1092 daAuts
     D:2: 248 daAuts
